 Dungeon Crawl Stone Soup version 0.31.0-11-ge490571c62 (webtiles) character file.

Game seed: 3008289665419550162

16 Ashen the Sneak (level 2, -3/20 HPs)
             Began as a Gnoll Enchanter on Feb 3, 2024.
             Slain by Sigmund
             ... wielding a +1 scythe of freezing
              (5 damage)
             ... on level 2 of the Dungeon.
             The game lasted 00:01:23 (792 turns).

Ashen the Sneak (Gnoll Enchanter)                    Turns: 792, Time: 00:01:24

Health: -3/20      AC:  2    Str:  7    XL:     2   Next: 54%
Magic:  7/7        EV: 13    Int: 14    God:
Gold:   78         SH:  0    Dex: 12    Spells: 10/10 levels left

rFire   . . .        a - +1 dagger
rCold   . . .        (no shield)
rNeg    . . .        b - +0 robe
rPois   .            (no helmet)
rElec   .            (no cloak)
rCorr   .            (no gloves)
SInv    .            (no boots)
Will    .....        (no amulet)
Stlth   +++          (no ring)
HPRegen 0.23/turn    (no ring)
MPRegen 0.10/turn

%: no passive effects
@: invisible
A: fangs 1, strong nose, distributed training
a: no special abilities


You were on level 2 of the Dungeon.
You visited 1 branch of the dungeon, and saw 2 of its levels.

You collected 78 gold pieces.

Inventory:

Hand Weapons
 a - a +1 dagger (weapon)
Armour
 b - a +0 robe (worn)
Scrolls
 d - a scroll of identify {unknown}
 f - a scroll of enchant weapon {unknown}
 g - a scroll of silence {unknown}
 k - a scroll of teleportation {unknown}
Potions
 c - a potion of invisibility
 e - a potion of enlightenment {unknown}
 h - a potion of haste {unknown}
 i - 2 potions of resistance {unknown}
 j - a potion of curing {unknown}


   Skills:
 + Level 0.5 Fighting
 + Level 2.5 Short Blades
 + Level 0.5 Long Blades
 + Level 0.5 Axes
 + Level 0.5 Maces & Flails
 + Level 0.5 Polearms
 + Level 0.5 Staves
 + Level 0.5 Ranged Weapons
 + Level 0.5 Throwing
 + Level 0.5 Armour
 + Level 4.5 Dodging
 + Level 5.9 Stealth
 + Level 0.5 Shields
 + Level 0.5 Unarmed Combat
 + Level 4.9 Spellcasting
 + Level 0.3 Conjurations
 + Level 5.3 Hexes
 + Level 0.3 Summonings
 + Level 0.3 Necromancy
 + Level 0.3 Translocations
 + Level 0.3 Fire Magic
 + Level 0.3 Ice Magic
 + Level 0.3 Air Magic
 + Level 0.3 Earth Magic
 + Level 0.3 Alchemy
 + Level 0.6 Invocations
 + Level 0.5 Evocations
 + Level 0.4 Shapeshifting


You had 10 spell levels left.
You didn't know any spells.
Your spell library contained the following spells:

 Spells                   Type           Power      Damage    Failure   Level
 Confusing Touch          Hex            18%        N/A       6%          3
 Tukima's Dance           Hex            18%        N/A       6%          3
 Ensorcelled Hibernation  Hex/Ice        22%        N/A       9%          2
 Dazzling Flash           Conj/Hex       22%        N/A       16%         3


Dungeon Overview and Level Annotations

Branches:
Dungeon (2/15)

Altars:

Shops:
D:2 *

Annotations:
D:2 Sigmund


Innate Abilities, Weirdness & Mutations

You have very sharp teeth.
Your uncanny sense of smell can sniff out nearby items.
Your experience applies equally to all skills.


Message History

You kill the hobgoblin!
You open the door.
There is an open door here.
Sigmund the Dreaded comes into view.
He is wielding a +1 scythe of freezing.
Found a stone staircase leading up.
Sigmund shouts!
Sigmund is nearby!
Found a stone staircase leading down.
Sigmund closely misses you.
You don't know any spells.
Unknown command.
You don't know any spells.
Sorry, you're not good enough to have a special ability.
Unknown command.
You fade into invisibility!
Sigmund says, "You will soon forget everything."
Sigmund closely misses you.
You hit Sigmund.
Sigmund is lightly wounded.
Sigmund barely misses you.
You hit Sigmund. Your bite misses Sigmund.
Sigmund is lightly wounded.
You hit Sigmund but do no damage.
Sigmund is lightly wounded.
Sigmund hits you with a +1 scythe of freezing!
Sigmund freezes you.
You hit Sigmund but do no damage.
Sigmund is lightly wounded.
You hit Sigmund.
Sigmund shouts!
Your bite misses Sigmund.
Sigmund is moderately wounded.
Sigmund hits you with a +1 scythe of freezing!
* * * LOW HITPOINT WARNING * * *
Sigmund freezes you.
* * * LOW HITPOINT WARNING * * *
You hit Sigmund.
Sigmund is moderately wounded.
Sigmund hits you with a +1 scythe of freezing.
You die...
Sigmund begins carving another notch in his scythe.

#. ... #.
#....
#.##...## #
#.<.....#
#.#.......#
#.........
#>..#@#####
#.@...#.#
#.#.....# ..
#.#...#.#....
..#..........
######.##.....
#.# #... #.#
##
###'########
#..........#


You could see Sigmund (unable to see you).

Vanquished Creatures
  2 bats (D:1)
  2 endoplasms (D:1)
  3 hobgoblins
  2 ball pythons
  2 frilled lizards (D:1)
  2 kobolds (D:1)
  3 rats
16 creatures vanquished.

Notes
Turn   | Place    | Note
-------+----------+-------------------------------------------
     0 | D:1      | Ashen the Gnoll Enchanter began the quest for the Orb.
     0 | D:1      | Reached XP level 1. HP: 13/13 MP: 6/6
    16 | D:1      | Found a faded altar of an unknown god.
   280 | D:1      | Reached XP level 2. HP: 19/19 MP: 7/7
   639 | D:2      | Found Bodyog's General Store.
   782 | D:2      | Noticed Sigmund
   790 | D:2      | HP: 1/20 [Sigmund/+1 scythe of freezing (2)]
   792 | D:2      | Slain by Sigmund

Illustrated notes

Levels and vault maps discovered:
D:1:      tarquinn_simple_flora_water_c, layout_loops_cross,
          basic_ecumenical_altar, chequers_mini_garden
D:2:      layout_basic, serial_shops, nicolae_shop_rolling_square,
          minmay_misc_feat_x, uniq_sigmund

Action                     || total
---------------------------++-------
  Melee: Dagger            ||    43
    Use: Potion            ||     1
   Stab: Sleeping          ||     8
 Armour: Robe              ||    12
  Dodge: Dodged            ||    29
